 Dungeon Crawl Stone Soup version 0.21.1-1-g345015fe64 (webtiles) character file.

609 Naru the Poker (level 7, -1/63 HPs)
             Began as a Naga Fighter on June 8, 2018.
             Slain by a gnoll
             ... wielding a +0 halberd
              (5 damage)
             ... on level 5 of the Dungeon on June 9, 2018.
             The game lasted 00:15:57 (5591 turns).

Naru the Poker (Naga Fighter)                       Turns: 5591, Time: 00:15:57

Health: -1/63      AC:  7    Str: 19    XL:     7   Next: 43%
Magic:  7/7        EV:  4    Int:  8    God:
Gold:   202        SH:  0    Dex: 12    Spells: 6/6 levels left

rFire    . . .     SeeInvis +   a - +1 trident
rCold    . . .     Gourm    .   c - +1 shield
rNeg     . . .     Faith    .   j - +0 chain mail
rPois    +         Spirit   .   (no helmet)
rElec    .         Reflect  .   (no cloak)
rCorr    .         Harm     .   (no gloves)
MR       .....                  (no barding)
Stlth    ..........             (no amulet)
HPRegen  0.20/turn              (no ring)
MPRegen  0.10/turn              (no ring)

@: confused, very slow
A: large, see invisible, deformed body, poison resistance, slowness 2, slow
metabolism 1, spit poison 1, AC +2
a: Spit Poison


You were on level 5 of the Dungeon.
You were not hungry.

You visited 1 branch of the dungeon, and saw 5 of its levels.

You collected 202 gold pieces.

Inventory:

Hand Weapons
 a - a +1 trident (weapon)
Missiles
 r - 4 tomahawks (quivered)
Armour
 b - a +0 scale mail
 c - a +1 shield (worn)
 j - a +0 chain mail (worn)
Jewellery
 u - an uncursed ring of fire {unknown}
Wands
 o - a wand of scattershot (3)
 q - a wand of polymorph (12)
Scrolls
 e - 2 scrolls of remove curse
 g - 2 scrolls of fog
 k - a scroll of amnesia
 n - a scroll of fear
 s - a scroll of identify
 v - a scroll of teleportation
Potions
 d - 2 potions of might
 h - 3 potions of cancellation
 i - a potion of brilliance
 l - a potion of degeneration
 m - a potion of mutation {unknown}
 p - a potion of flight {unknown}
 t - a potion of curing {unknown}
Comestibles
 f - 6 rations


   Skills:
 * Level 3.9 Fighting
 + Level 5.2 Polearms
 + Level 3.8 Armour
 - Level 1.2 Dodging
 * Level 2.8 Stealth
 + Level 3.3 Shields


You had 6 spell levels left.
You didn't know any spells.

Dungeon Overview and Level Annotations

Branches:
Dungeon (5/15)
 Temple: D:4-7

Altars:
Nemelex Xobeh
Qazlal
Ru
Sif Muna

Annotations:
D:5 Sigmund


Innate Abilities, Weirdness & Mutations

You cannot wear boots.
Your serpentine skin is tough. (AC +2)
You have supernaturally acute eyesight. (SInv)
Armour fits poorly on your strangely shaped body.
Your system is resistant to poisons. (rPois)
You cover ground very slowly.
You have a slow metabolism.
You can spit poison.


Message History

You're too confused to move!
The gnoll hits you with a spear.
* * * LOW HITPOINT WARNING * * *
The gnoll hits you from afar with a halberd.
* * * LOW HITPOINT WARNING * * *
Sigmund hits you but does no damage.
You closely miss the gnoll.
The gnoll is heavily wounded.
The gnoll barely misses you. The gnoll hits you but does no damage.
The gnoll hits you with a spear.
* * * LOW HITPOINT WARNING * * *
Your shield and chain mail prevent you from hitting the gnoll.
The gnoll is heavily wounded.
Sigmund hits you but does no damage.
The gnoll hits you from afar with a halberd.
* * * LOW HITPOINT WARNING * * *
The gnoll hits you with a spear.
* * * LOW HITPOINT WARNING * * *
You bump into the rock wall.
The gnoll hits you from afar with a halberd.
You die...

....#.###........
...............##
...............#
..............#
...#'#..<.....##
.. #.#.#........
. # #.#g@...#.#
#.#.#.#.#.#
#.#@#.#.# #g#.#
#.# # ... ...
#.... ##... ...##


You could see Sigmund (invisible) and 2 gnolls.

Vanquished Creatures
  A phantom (D:4)
  A crimson imp (D:5)
  A centaur zombie (D:5)
  3 hounds (D:4)
  An orc priest (D:5)
  An iguana (D:4)
  An orc wizard (D:3)
  2 worker ants (D:5)
  3 gnolls
  9 adders
  An ooze (D:4)
  An adder zombie (D:4)
  3 worms
  3 dart slugs
  6 leopard geckos
  9 orcs
  4 giant cockroaches
  9 goblins
  12 hobgoblins
  3 jackals (D:1)
  6 kobolds
  A quokka (D:3)
  2 ball pythons
  5 bats
  3 frilled lizards
  A quokka skeleton (D:4)
  5 rats
  A plant (D:3)
98 creatures vanquished.

Notes
Turn   | Place    | Note
-------+----------+-------------------------------------------
     0 | D:1      | Naru the Naga Fighter began the quest for the Orb.
     0 | D:1      | Reached XP level 1. HP: 21/21 MP: 1/1
   190 | D:1      | Reached XP level 2. HP: 24/28 MP: 2/2
  1004 | D:1      | Reached XP level 3. HP: 20/34 MP: 3/3
  1836 | D:2      | Reached XP level 4. HP: 34/42 MP: 4/4
  1840 | D:2      | Reached skill level 3 in Polearms
  2777 | D:3      | Reached XP level 5. HP: 46/49 MP: 5/5
  2945 | D:3      | Found a stormy altar of Qazlal.
  2948 | D:3      | Found a sacrificial altar of Ru.
  2965 | D:3      | Reached skill level 1 in Dodging
  3150 | D:3      | Found a deep blue altar of Sif Muna.
  3153 | D:3      | Found a sparkling altar of Nemelex Xobeh.
  3464 | D:3      | Reached skill level 4 in Polearms
  3954 | D:4      | Reached XP level 6. HP: 53/56 MP: 6/6
  4644 | D:5      | Entered Level 5 of the Dungeon
  4649 | D:5      | Noticed a phantom
  4727 | D:4      | Killed a phantom
  4727 | D:4      | Reached skill level 5 in Polearms
  4727 | D:4      | Reached skill level 1 in Stealth
  4727 | D:4      | Reached XP level 7. HP: 13/62 MP: 7/7
  5472 | D:5      | Noticed Sigmund
  5591 | D:5      | Slain by a gnoll

Skill      XL: |  1  2  3  4  5  6  7 |
---------------+----------------------+-----
Polearms       | 3 4 5 |  5.2
Armour         | 3 |  3.8
Dodging        | 1 |  1.2
Shields        | 3 |  3.3
Stealth        | 1 2 |  2.8
Fighting       | |  3.9

Action                   |  1- 3 |  4- 6 |  7- 9 || total
-------------------------+-------+-------+-------++-------
Melee: Trident           |   100 |   270 |    61 ||   431
Throw: Tomahawk          |       |     5 |       ||     5
  Use: Scroll            |     1 |    11 |     2 ||    14
       Potion            |       |     1 |       ||     1
  Eat: Chunk             |     1 |     2 |       ||     3
       Ration            |       |     2 |     1 ||     3
Armor: Scale mail        |    45 |   110 |       ||   155
       Chain mail        |       |       |    30 ||    30
Dodge: Dodged            |    27 |    64 |    16 ||   107
Block: Shield            |    48 |   135 |    47 ||   230
